 Dungeon Crawl Stone Soup version 0.28.0-45-g0d030f2227 (webtiles) character file.

Game seed: 114035002300789032

32 Zeld the Sneak (level 3, -1/27 HPs)
             Began as a Vampire Brigand on Apr 18, 2022.
             Slain by a shadow imp (3 damage)
             ... summoned by Natasha
             ... on level 2 of the Dungeon.
             The game lasted 00:01:39 (416 turns).

Zeld the Sneak (Vampire Brigand)                     Turns: 416, Time: 00:01:39

Health: -1/27      AC:  3    Str: 10    XL:     3   Next: 10%
Magic:  3/3        EV: 12    Int: 13    God:
Gold:   50         SH:  0    Dex: 17    Spells: 2/2 levels left

rFire   . . .      SeeInvis +   a - +2 dagger
rCold   . . .      Faith    .   (no shield)
rNeg    . . .      Spirit   .   b - +0 robe
rPois   .          Reflect  .   (no helmet)
rElec   .          Harm     .   c - +0 cloak
rCorr   .          Rampage  .   (no gloves)
Will    .....                   (no boots)
Stlth   +++.......              (no amulet)
HPRegen 0.29/turn               (no ring)
MPRegen 0.08/turn               (no ring)

@: healing quickly
A: alive, fangs 3, see invisible, vampiric 2
a: Exsanguinate


You were on level 2 of the Dungeon.
You visited 1 branch of the dungeon, and saw 2 of its levels.

You collected 50 gold pieces.

Inventory:

Hand Weapons
 a - a +2 dagger (weapon)
Missiles
 d - 8 poisoned darts (quivered)
 e - 2 curare-tipped darts
Armour
 b - a +0 robe (worn)
 c - a +0 cloak (worn)
Scrolls
 f - 3 scrolls of noise {unknown}
 g - a scroll of identify {unknown}


   Skills:
 + Level 2.0 Fighting
 * Level 2.7 Short Blades
 * Level 2.1 Throwing
 + Level 1.6 Dodging
 + Level 6.0 Stealth


You had 2 spell levels left.
You didn't know any spells.
Your spell library contained the following spells:

 Spells                   Type           Power      Damage    Failure   Level
 Borgnjor's Revivificati  Necr           Unusable   N/A       N/A         8
 Necromutation            Tmut/Necr      Unusable   N/A       N/A         8
 Death's Door             Necr           Unusable   N/A       N/A         9

Dungeon Overview and Level Annotations

Branches:
Dungeon (2/15)

Altars:

Annotations:
D:2 Natasha


Innate Abilities, Weirdness & Mutations

Your natural rate of healing is accelerated.
You have razor-sharp teeth.
You have supernaturally acute eyesight. (SInv)
You are afflicted with vampirism and can become a bat while bloodless.


Message History

Natasha claws you!
You hit Natasha.
Natasha is moderately wounded.
Natasha claws you. The goblin barely misses you.
You hit Natasha.
Natasha is moderately wounded.
Natasha closely misses you. The goblin hits you but does no damage.
You hit Natasha.
Natasha is severely wounded.
Natasha closely misses you.
An endoplasm comes into view.
The goblin hits you but does no damage.
You closely miss Natasha.
Natasha is severely wounded.
Natasha casts a spell at you. The magic dart hits you!
A kobold comes into view. It is wielding a +0 dagger.
The hobgoblin hits you.
* * * LOW HITPOINT WARNING * * *
The goblin hits you but does no damage.
Natasha howls an incantation.
You feel disoriented.
Natasha mumbles some strange words.
Unknown command.
The shadow imp gestures at you. Pain shoots through your body!
* * * LOW HITPOINT WARNING * * *
Natasha stares at you and mumbles some strange words.
The magic dart hits you.
* * * LOW HITPOINT WARNING * * *
You closely miss the shadow imp.
Unknown command.
You aren't carrying any items that you can evoke.
Unknown command.
You aren't carrying any potions.
You hit the shadow imp but do no damage.
The shadow imp barely misses you.
Unknown command.
You closely miss the shadow imp. The shadow imp hits you.
You die...

#K ###.. #.
....# #.#
....# ..
....### #.
......#
#.#...#
#.....#
###g####
#@5h.######..
###..........
#..........
##.#.......
#.#....#..
#.#....#..
#.#....#..
#.#.......
#.#.......


You could see Natasha, a shadow imp (summoned) and a goblin.

Vanquished Creatures
  Natasha (D:2)
  A hobgoblin (D:1)
  2 kobolds
  2 quokkas (D:1)
  A frilled lizard (D:1)
  A rat (D:1)
8 creatures vanquished.

Vanquished Creatures (others)
  A ghoul (D:1)
  A demonspawn (D:1)
  A draconian (D:1)
  An elf (D:1)
  A spriggan (D:1)
  A demigod (D:1)
  A dwarf (D:1)
  A tengu (D:1)
  A felid (D:1)
  2 orcs (D:1)
  A kobold (D:1)
  9 tentacles (D:1)
21 creatures vanquished.

Grand Total: 29 creatures vanquished

Notes
Turn   | Place    | Note
-------+----------+-------------------------------------------
     0 | D:1      | Zeld the Vampire Brigand began the quest for the Orb.
     0 | D:1      | Reached XP level 1. HP: 16/16 MP: 1/1
     0 | D:1      | Noticed an elf
     0 | D:1      | Noticed a draconian
     0 | D:1      | Noticed a demigod
     0 | D:1      | Noticed a demonspawn
     0 | D:1      | Noticed a dwarf
     0 | D:1      | Noticed a kraken
     0 | D:1      | Noticed a spriggan
     0 | D:1      | Noticed a tengu
     0 | D:1      | Noticed a ghoul
     0 | D:1      | Noticed a felid
     6 | D:1      | Killed a draconian
     8 | D:1      | Killed a spriggan
     9 | D:1      | Killed a demonspawn
     9 | D:1      | Killed a demigod
    11 | D:1      | Killed a dwarf
    12 | D:1      | Killed a tengu
    13 | D:1      | Killed a felid
    17 | D:1      | Killed an elf
    20 | D:1      | Killed a ghoul
   378 | D:2      | Noticed Natasha
   383 | D:2      | Killed Natasha
   384 | D:2      | Reached skill level 6 in Stealth
   384 | D:2      | Reached XP level 2. HP: 22/22 MP: 2/2
   384 | D:2      | Gained mutation: You are afflicted with vampirism and can
                  | become a bat while bloodless. [Vampire growth]
   384 | D:2      | Reached XP level 3. HP: 27/27 MP: 3/3
   404 | D:2      | Noticed Natasha
   413 | D:2      | HP: 1/27 [Natasha/magic dart (3)]
   416 | D:2      | Slain by a shadow imp

Illustrated notes

Levels and vault maps discovered:
D:1:      nicolae_arrival_kraken_aquarium_a, layout_basic,
          nicolae_figureground_pulse
D:2:      layout_rooms, uniq_natasha

Skill      XL: |  1 |
---------------+----+-----
Fighting       | 2 |  2.0
Throwing       | 2 |  2.1
Stealth        | 6 |  6.0
Short Blades   | |  2.7
Dodging        | |  1.6

Action                   || total
-------------------------++-------
Melee: Dagger            ||    21
       Bite              ||     1
 Stab: Sleeping          ||     5
Armor: Robe              ||     4
Dodge: Dodged            ||     9
